 Dungeon Crawl Stone Soup version 0.27.0-1-g7a089689b8 (webtiles) character file.

Game seed: 5874290436787720340

100589 Spectrina the Mender (level 15, 0/76 HPs)
             Began as a Deep Elf Monk on Aug 3, 2021.
             Was a Priest of Elyvilon.
             Slain by an emperor scorpion (8 damage)
             ... on level 4 of the Spider Nest on Aug 6, 2021.
             The game lasted 04:38:59 (15091 turns).

Spectrina the Mender (Deep Elf Monk)               Turns: 15091, Time: 04:39:01

Health: 0/76       AC: 18    Str:  8    XL:     15   Next: 81%
Magic:  1/42       EV: 13    Int: 22    God:    Elyvilon [***...]
Gold:   1233       SH:  6    Dex: 17    Spells: 5/39 levels left

rFire    . . .     SeeInvis .   a - staff of earth
rCold    . . .     Faith    +   T - +0 buckler
rNeg     . . .     Spirit   .   d - +3 troll leather armour {Snorg}
rPois    .         Reflect  .   v - +2 hood of the Assassin {Detection Stab+ Stlth++}
rElec    .         Harm     .   h - +2 cloak {Stlth+}
rCorr    .         Rampage  .   t - +2 pair of gloves
Will     +....                  Q - +2 pair of boots
Stlth    +++++++...             R - amulet of faith
HPRegen  2.22/turn              I - ring of wizardry
MPRegen  0.28/turn              E - ring of magical power

@: lethally poisoned (0 -> -2), very slightly contaminated
A: sense surroundings 1, regeneration 1
a: Renounce Religion, Lesser Healing, Heal Other, Purification, Divine
Protection


You were on level 4 of the Spider Nest.
You worshipped Elyvilon.
Elyvilon was most pleased with you.
You visited 4 branches of the dungeon, and saw 23 of its levels.

You collected 1440 gold pieces.
You spent 207 gold pieces at shops.

Inventory:

Hand Weapons
 b - a +3 morningstar
 K - the +7 war axe "Beetlebane" {flame, rCorr Int-4 Dex+3}
   (You found it on level 10 of the Dungeon)

   It burns those it strikes, dealing additional fire damage.
   Big, fiery blades are also staple armaments of hydra-hunters.
   Int:       It affects your intelligence (-4).
   Dex:       It affects your dexterity (+3).
   rCorr:     It protects you from acid and corrosion.
Missiles
 j - 547 stones (quivered)
 p - a throwing net
 C - 5 silver javelins
 F - 11 atropa-tipped darts
Armour
 d - a +3 troll leather armour (worn) {Snorg}
 h - a +2 cloak of stealth (worn)
 t - a +2 pair of gloves (worn)
 v - the +2 hood of the Assassin (worn) {Detection Stab+ Stlth++}
   (You found it on level 6 of the Lair of Beasts)

   It allows the wearer to sense nearby creatures.
   It allows the wearer to make particularly effective stabbing attacks against
   helpless or unaware enemies with any weapon.
   Stlth:     It makes you much more stealthy.
 Q - a +2 pair of boots (worn)
 T - a +0 buckler (worn)
 X - a scarf of shadows
Magical Staves
 a - a staff of earth (weapon)
Jewellery
 E - a ring of magical power (right hand)
 I - a ring of wizardry (left hand)
 M - the ring of Moodiness {Fly rF+ SInv Stlth+}
   (You found it on level 6 of the Lair of Beasts)

   [ring of protection from fire]

   rF:        It protects you from fire.
   SInv:      It lets you see invisible.
   Fly:       It grants you flight.
   Stlth:     It makes you more stealthy.
 P - the ring of Itesesk {rC+ Str+6 Dex+6 Stlth+}
   (You found it on level 4 of the Spider Nest)

   [ring of strength]

   Str:       It affects your strength (+6).
   Dex:       It affects your dexterity (+6).
   rC:        It protects you from cold.
   Stlth:     It makes you more stealthy.
 R - an amulet of faith (around neck)
 U - the ring of the First Beds {rC+ EV+4}
   (You found it on level 3 of the Lair of Beasts)

   [ring of evasion]

   EV:        It affects your evasion (+4).
   rC:        It protects you from cold.
 Z - the ring of Mujobbok {rF+ rN++ Int-4 Dex-5 Slay+3}
   (You found it on level 6 of the Lair of Beasts)

   [ring of protection from fire]

   Int:       It affects your intelligence (-4).
   Dex:       It affects your dexterity (-5).
   Slay:      It affects your accuracy & damage with ranged weapons and melee
   (+3).
   rF:        It protects you from fire.
   rN:        It greatly protects you from negative energy.
Wands
 c - a wand of acid (3)
 i - a wand of flame (4)
 n - a wand of iceblast (24)
 A - a wand of digging (5)
 O - a wand of mindburst (8)
 V - a wand of paralysis (18)
Scrolls
 f - a scroll of silence
 l - 4 scrolls of vulnerability
 m - a scroll of immolation
 w - a scroll of brand weapon
 x - a scroll of fear
 z - 2 scrolls of fog
 B - 3 scrolls of enchant weapon
 D - 4 scrolls of magic mapping
 G - a scroll of holy word
 H - a scroll of teleportation
 J - a scroll of acquirement
 S - 4 scrolls of blinking
 W - a scroll of identify
 Y - 2 scrolls of amnesia
Potions
 e - a potion of mutation
 g - 3 potions of heal wounds
 k - 2 potions of haste
 o - a potion of attraction
 q - 4 potions of curing
 r - a potion of invisibility
 s - 2 potions of magic
 u - a potion of lignification
 L - 2 potions of flight
 N - 2 potions of brilliance
Miscellaneous
 y - a phantom mirror


   Skills:
 - Level 2.4 Fighting
 - Level 3.0 Short Blades
 - Level 3.6 Dodging
 - Level 10.0 Stealth
 - Level 5.0 Shields
 + Level 12.8 Spellcasting
 + Level 3.4 Conjurations
 * Level 13.9 Hexes
 + Level 9.8 Transmutations
 * Level 12.7 Earth Magic
 - Level 7.0 Poison Magic
 * Level 15.5 Invocations
 - Level 6.9 Evocations


You had 5 spell levels left.
You knew the following spells:

 Your Spells              Type           Power      Damage    Failure   Level
a - Magic Dart            Conj           100%       1d8       1%          1
c - Passwall              Tmut/Erth      64%        N/A       1%          2
d - Lee's Rapid Deconstr  Erth           40%        3d21*     1%          5
f - Sandblast             Erth           100%       2d20      1%          1
j - Irradiate             Conj/Tmut      21%        3d20      4%          5
p - Invisibility          Hex            33%        N/A       1%          6
q - Olgreb's Toxic Radia  Pois           44%        N/A       1%          4
r - Petrify               Tmut/Erth      77%        N/A       1%          4
w - Alistair's Intoxicat  Tmut/Pois      33%        N/A       2%          5
x - Apportation           Tloc           28%        N/A       2%          1

Your spell library contained the following spells:

 Spells                   Type           Power      Damage    Failure   Level
 Sting                    Tmut/Pois      100%       1d8       1%          1
 Poisonous Vapours        Pois/Air       58%        N/A       1%          2
 Ignite Poison            Fire/Tmut/Pois 38%        N/A       1%          3
 Mephitic Cloud           Conj/Pois/Air  29%        N/A       1%          3
 Call Imp                 Summ           14%        N/A       4%          2
 Sublimation of Blood     Necr           7%         N/A       4%          2
 Conjure Flame            Conj/Fire      21%        6-21      4%          3
 Swiftness                Air            14%        N/A       9%          3
 Sticky Flame             Conj/Fire      21%        2d4       13%         4
 Discord                  Hex            33%        N/A       47%         8
 Conjure Ball Lightning   Conj/Air       10%        3x3d6     86%         6
 Ozocubu's Refrigeration  Ice            7%         4d6       100%        7
 Disjunction              Tloc           7%         N/A       100%        8
 Ignition                 Fire           7%         3d4       100%        8


Dungeon Overview and Level Annotations

Branches:
Dungeon (12/15)            Temple (1/1) D:5            Lair (6/6) D:11
  Swamp (0/4) Lair:4       Spider (4/4) Lair:4        Slime (0/5) Lair:6
    Orc: D:9-12

Altars:
Ashenzari
Cheibriados
Dithmenos
Elyvilon
Fedhas
Gozag
Hepliaklqana
Kikubaaqudgha
Makhleb
Nemelex Xobeh
Okawaru
Qazlal
Ru
Sif Muna
Trog
Uskayaw
Vehumet
Wu Jian
Xom
Yredelemnul
Zin
The Shining One
Jiyva

Shops:
D:5 :[:(   D:6 (   D:12 *

Annotations:
D:5 Blork the orc
D:11 Erica
Lair:2 exclusion: oklob plant
Lair:5 Kirke
Spider:3 Agnes
Spider:4 Arachne


Innate Abilities, Weirdness & Mutations

You passively map a small area around you.
Your natural rate of healing is unusually fast.


Message History

You hit the emperor scorpion but do no damage.
You shatter the emperor scorpion.
The emperor scorpion is almost dead.
The emperor scorpion misses you. The emperor scorpion claws you!
The emperor scorpion claws you but does no damage.
You barely miss the emperor scorpion.
The emperor scorpion is almost dead.
The emperor scorpion stings you! The emperor scorpion claws you.
The emperor scorpion claws you!
You barely miss the emperor scorpion.
The emperor scorpion is almost dead.
The emperor scorpion stings you!
You are poisoned.
The emperor scorpion poisons you!
The emperor scorpion claws you but does no damage.
The emperor scorpion closely misses you.
You feel extremely sick.
You feel very sick.
You feel very sick.
Casting: Lee's Rapid Deconstruction (dangerous; 1% risk of failure)
Confirm with . or Enter, or press ? or * to list all spells.
Aiming: Petrify (safe; 1% risk of failure)
Press: ? - help, Shift-Dir - straight line, f/p - emperor scorpion
Aim: an emperor scorpion (almost dead, chance to affect: 50%)
Okay, then.
Casting: Petrify (safe; 1% risk of failure)
Confirm with . or Enter, or press ? or * to list all spells.
Aiming: Lee's Rapid Deconstruction (dangerous; 1% risk of failure)
Press: ? - help, Dir - move target, p - emperor scorpion A stone wall.
You feel a surge of power!
The wall shatters!
The blast of rock fragments hits the emperor scorpion but does no damage.
The emperor scorpion is almost dead.
You feel very sick.
You hear an angry hiss.
The emperor scorpion stings you!
* * * LOW HITPOINT WARNING * * *
The emperor scorpion claws you but does no damage.
The emperor scorpion claws you!
You die...

#### , #.........# #..## ,
* ##......†..## #^..# *
#........{..# ....####
#s..##+++##...# * #^..#.^#
##, #...#* ## .#...^#** * ,
#...#,, * .#.^..##* , *
#...# { * ##..#.^#### #s..#
*{ ### ..###...#.## ^ #@..#
{,##.#
#......^...#####..^#####^.#
...#..^#....^^...........##
##....^.#.........^.######
#.....#.#############
...#..### ......# ###.###
###


You could see an emperor scorpion.

Vanquished Creatures
  2 emperor scorpions
  3 entropy weavers
  A spark wasp (Spider:4)
  Snorg (Lair:5)
  6 hydras
  2 boulder beetles
  A two-headed ogre (D:8)
  A spectral anaconda (Lair:6)
  4 lindwurms (Lair:6)
  An obsidian statue (Lair:6)
  3 necromancers (Lair:6)
  28 wolf spiders
  24 orb spiders
  A moth of wrath (Spider:3)
  20 elephants
  2 cyclopes
  7 black mambas
  11 cane toads
  A dire elephant zombie (Lair:6)
  2 rime drakes (Lair:6)
  A demonic crawler (Spider:4)
  9 komodo dragons
  A troll (D:11)
  A meliai (Spider:4)
  36 jumping spiders
  A polar bear (Lair:6)
  9 blink frogs
  4 hornets (Spider:4)
  A spectral elephant (Lair:6)
  72 redbacks
  13 tarantellas
  5 wyverns
  28 yaks
  3 basilisks
  7 hogs
  A steam dragon (D:8)
  3 death yak simulacra (Lair:6)
  7 vampire mosquitoes
  A swamp worm (Lair:3)
  18 water moccasins
  An ice beast (D:5)
  An orc warrior (D:9)
  A black bear (D:6)
  2 ogres
  2 elephant zombies (Lair:6)
  A sky beast (D:6)
  2 centaurs
  A phantom (D:5)
  8 bullfrogs
  A gnoll sergeant (D:9)
  3 scorpions
  A wyvern skeleton (D:6)
  3 water moccasin skeletons
  10 wights
  6 howler monkeys
  5 electric eels
  A bullfrog zombie (D:7)
  2 centaur zombies
  3 hounds
  2 jellies
  An orc priest (D:10)
  2 gnoll shamans
  6 orc wizards
  A killer bee zombie (D:7)
  6 adders
  14 gnolls
  2 shadow imps
  2 white imps
  An ufetubus (D:5)
  An adder skeleton (D:4)
  23 orcs
  A ball python (D:4)
  A bat (D:2)
  An endoplasm (D:2)
  9 goblins
  A quokka (D:5)
  2 frilled lizards (D:2)
  2 kobolds (D:4)
  A rat (D:2)
475 creatures vanquished.

Vanquished Creatures (others)
  A ghost moth (Spider:2)
  A death yak (Lair:6)
  3 wolf spiders
  A komodo dragon (Lair:3)
  3 elephants (Lair:3)
  A demonic crawler (Spider:4)
  A meliai (Spider:4)
  3 redbacks
  A yak (Lair:3)
  A basilisk (Lair:3)
  2 cane toad simulacra (Lair:6)
  An orc priest (D:9)
  42 fungi
  54 plants
  24 withered plants (Lair:6)
139 creatures vanquished.

Grand Total: 614 creatures vanquished

Notes
Turn   | Place    | Note
-------+----------+-------------------------------------------
     0 | D:1      | Spectrina the Deep Elf Monk began the quest for the Orb.
     0 | D:1      | Reached XP level 1. HP: 13/13 MP: 3/3
   109 | D:2      | Reached skill level 1 in Invocations
   109 | D:2      | Reached XP level 2. HP: 3/18 MP: 3/5
   528 | D:2      | Reached skill level 2 in Invocations
   592 | D:2      | Reached XP level 3. HP: 22/22 MP: 6/6
   886 | D:4      | Noticed a scorpion
   897 | D:4      | Killed a scorpion
   898 | D:4      | Reached skill level 3 in Invocations
   898 | D:4      | Reached skill level 1 in Evocations
   898 | D:4      | Reached XP level 4. HP: 22/27 MP: 6/8
  1082 | D:4      | Gained mutation: You passively map a small area around you.
                  | [potion of mutation]
  1082 | D:4      | Gained mutation: Your natural rate of healing is unusually
                  | fast. [potion of mutation]
  1187 | D:5      | Entered Level 5 of the Dungeon
  1187 | D:5      | Noticed an ogre
  1198 | D:5      | Killed an ogre
  1199 | D:5      | Reached skill level 4 in Invocations
  1199 | D:5      | Reached XP level 5. HP: 31/31 MP: 8/10
  1298 | D:5      | Found Nimycsac's Antique Armour Emporium.
  1323 | D:5      | Noticed a black bear
  1328 | D:5      | Noticed an ice beast
  1334 | D:5      | Killed an ice beast
  1335 | D:5      | Reached XP level 6. HP: 36/36 MP: 11/11
  1391 | D:5      | Noticed Blork the orc
  1539 | D:5      | Reached skill level 5 in Stealth
  1539 | D:5      | Reached skill level 5 in Invocations
  1553 | D:5      | Found Ciobloj's Book Shoppe.
  1577 | D:5      | Found a staircase to the Ecumenical Temple.
  1586 | Temple   | Entered the Ecumenical Temple
  1815 | D:5      | Found Vixeas's Book Shop.
  1990 | D:6      | Reached XP level 7. HP: 29/40 MP: 13/13
  2070 | D:5      | Found Ywuwumu's Weapon Emporium.
  2079 | D:5      | Bought a throwing net for 39 gold pieces
  2259 | D:6      | Found Ekumuh's Weapon Shoppe.
  2347 | D:5      | Learned a level 1 spell: Apportation
  2349 | D:5      | Learned a level 1 spell: Magic Dart
  2389 | D:6      | Reached skill level 6 in Invocations
  2440 | D:6      | Reached skill level 1 in Spellcasting
  2537 | D:7      | Learned a level 6 spell: Invisibility
  2669 | D:7      | Reached skill level 1 in Hexes
  2708 | D:7      | Found a basalt altar of Yredelemnul.
  2762 | D:7      | Noticed a shadow
  2806 | D:6      | Reached XP level 8. HP: 45/45 MP: 15/15
  2912 | D:6      | Reached skill level 7 in Invocations
  3247 | D:8      | Noticed a wind drake
  3411 | D:8      | Found a bloodstained altar of Trog.
  3450 | D:8      | Reached skill level 5 in Evocations
  3487 | D:8      | Found a white marble altar of Elyvilon.
  3503 | D:8      | Became a worshipper of Elyvilon the Healer
  3503 | D:8      | Reached * piety under Elyvilon
  3503 | D:8      | Reached ** piety under Elyvilon
  3658 | D:8      | Reached skill level 8 in Invocations
  3873 | D:8      | Noticed an eight-headed hydra
  3885 | D:8      | Reached XP level 9. HP: 49/49 MP: 17/17
  3900 | D:8      | Noticed a two-headed ogre
  3932 | D:8      | Killed a two-headed ogre
  3933 | D:8      | Reached skill level 5 in Spellcasting
  3973 | D:8      | Noticed a fire dragon
  3985 | D:8      | Noticed a boulder beetle
  4210 | D:10     | Entered Level 10 of the Dungeon
  4282 | D:9      | Reached skill level 9 in Invocations
  4330 | D:9      | Reached skill level 5 in Hexes
  4827 | D:9      | Reached XP level 10. HP: 33/54 MP: 21/21
  5021 | D:8      | Noticed a two-headed ogre
  5149 | D:10     | Reached *** piety under Elyvilon
  5192 | D:10     | Found a shadowy altar of Dithmenos.
  5554 | D:10     | Noticed a two-headed ogre
  5599 | D:11     | Noticed a cyclops
  5599 | D:11     | Noticed a two-headed ogre
  5631 | D:10     | Noticed a two-headed ogre
  5660 | D:10     | Found a hazy altar of Hepliaklqana.
  5674 | D:10     | Learned a level 4 spell: Petrify
  5677 | D:10     | Learned a level 2 spell: Passwall
  5683 | D:10     | Learned a level 5 spell: Alistair's Intoxication
  5685 | D:10     | Found a glowing silver altar of Zin.
  5709 | D:10     | Identified the +7 war axe "Beetlebane" {flame, rCorr Int-4
                  | Dex+3}
  5905 | D:11     | Noticed Erica
  5925 | D:12     | Found Ijyuwol's General Store.
  5930 | D:12     | Bought a scroll of identify for 28 gold pieces
  5930 | D:12     | Bought a potion of invisibility for 112 gold pieces
  5930 | D:12     | Bought a scroll of identify for 28 gold pieces
  5934 | D:12     | Learned a level 1 spell: Sandblast
  5979 | D:11     | Noticed a cyclops
  5979 | D:11     | Noticed a seven-headed hydra
  6011 | D:12     | Noticed a brown ugly thing
  6079 | D:12     | Noticed a cyclops
  6177 | D:12     | Noticed a cyclops
  6190 | D:12     | HP: 1/54 [cyclops (24)]
  6192 | D:12     | Killed a cyclops
  6193 | D:12     | Reached skill level 1 in Transmutations
  6193 | D:12     | Reached skill level 1 in Earth Magic
  6193 | D:12     | Reached skill level 10 in Invocations
  6235 | D:11     | Noticed a gargoyle
  6351 | D:11     | Elyvilon protects you from harm!
  6439 | D:12     | Noticed a boulder beetle
  6440 | D:12     | Pacified a boulder beetle
  6518 | D:11     | Pacified a seven-headed hydra
  6674 | D:11     | Killed a cyclops
  6683 | D:11     | Found a staircase to the Lair.
  6843 | D:11     | Reached skill level 5 in Earth Magic
  6869 | D:11     | Noticed a two-headed ogre
  6904 | D:11     | Reached **** piety under Elyvilon
  6921 | Lair:1   | Entered Level 1 of the Lair of Beasts
  6921 | Lair:1   | Noticed a six-headed hydra
  6927 | Lair:1   | Pacified a six-headed hydra
  6943 | Lair:1   | Noticed a black mamba
  6974 | Lair:1   | Killed a black mamba
  6975 | Lair:1   | Reached XP level 11. HP: 42/58 MP: 3/24
  6981 | Lair:1   | Learned a level 5 spell: Lee's Rapid Deconstruction
  7279 | Lair:1   | Identified a scroll of acquirement
  7303 | Lair:2   | Noticed an oklob plant
  7304 | Lair:2   | You fall into a shaft and drop 2 floors!
  7308 | Lair:5   | Noticed a five-headed hydra
  7375 | Lair:5   | Killed a five-headed hydra
  7443 | Lair:5   | Reached skill level 11 in Invocations
  7610 | Lair:4   | Reached ***** piety under Elyvilon
  7770 | Lair:3   | Noticed an eight-headed hydra
  7780 | Lair:3   | Reached skill level 5 in Transmutations
  7824 | Lair:3   | Reached skill level 1 in Shields
  8176 | Lair:3   | Pacified an eight-headed hydra
  8277 | Lair:3   | Reached skill level 1 in Poison Magic
  8277 | Lair:3   | Reached XP level 12. HP: 64/64 MP: 0/27
  8409 | Lair:3   | Reached skill level 10 in Stealth
  8518 | Lair:4   | Found a staircase to the Swamp.
  8540 | Lair:4   | Noticed a seven-headed hydra
  9093 | Lair:3   | Noticed an eight-headed hydra
  9269 | Lair:3   | Identified the ring of the First Beds {rC+ EV+4}
  9364 | Lair:4   | Reached skill level 12 in Invocations
  9408 | Lair:4   | Learned a level 4 spell: Olgreb's Toxic Radiance
  9414 | Lair:4   | Found a hole to the Spider Nest.
  9544 | Lair:4   | Killed a seven-headed hydra
  9670 | Lair:6   | Entered Level 6 of the Lair of Beasts
  9710 | Lair:6   | Found a viscous altar of Jiyva.
  9710 | Lair:6   | Found a staircase to the Slime Pits.
  9772 | Lair:6   | Noticed a seven-headed hydra
  9782 | Lair:6   | Killed a seven-headed hydra
  9794 | Lair:6   | Noticed a four-headed hydra
  9795 | Lair:6   | Noticed a six-headed hydra
  9796 | Lair:6   | Noticed a death yak
  9810 | Lair:6   | Killed a six-headed hydra
  9812 | Lair:6   | Noticed a death yak
  9818 | Lair:6   | Noticed a death yak
  9818 | Lair:6   | Noticed a death yak
  9820 | Lair:6   | Noticed a death yak
  9821 | Lair:6   | Killed a four-headed hydra
  9822 | Lair:6   | Reached skill level 10 in Spellcasting
  9823 | Lair:6   | Noticed a death yak
  9954 | Lair:6   | Reached XP level 13. HP: 68/68 MP: 29/29
  9993 | Lair:5   | Noticed Kirke
 10067 | Lair:6   | Reached skill level 5 in Shields
 10078 | Lair:6   | Reached skill level 5 in Poison Magic
 10261 | Lair:6   | Noticed a dire elephant
 10523 | Lair:5   | Noticed Snorg
 10543 | Lair:5   | Killed Snorg
 10779 | Lair:6   | Reached skill level 13 in Invocations
 11152 | Lair:6   | Noticed a dire elephant
 11442 | Lair:5   | Noticed a sphinx
 11515 | Lair:6   | Found the +2 hood of the Assassin {Detection Stab+ Stlth++}
 11539 | Lair:6   | Reached skill level 10 in Hexes
 11572 | Lair:6   | Identified the ring of Moodiness {Fly rF+ SInv Stlth+}
 11576 | Lair:6   | Identified the ring of Mujobbok {rF+ rN++ Int-4 Dex-5
                  | Slay+3}
 12044 | Lair:6   | Pacified a dire elephant
 12045 | Lair:6   | Pacified a dire elephant
 12158 | Lair:6   | Reached skill level 10 in Earth Magic
 12193 | Lair:6   | Reached XP level 14. HP: 72/72 MP: 4/31
 12396 | Spider:1 | Entered Level 1 of the Spider Nest
 12586 | Spider:2 | Reached skill level 14 in Invocations
 12599 | Spider:1 | Learned a level 5 spell: Irradiate
 13221 | Spider:3 | Noticed Agnes
 13260 | Spider:3 | Pacified a ghost moth
 13260 | Spider:3 | Noticed a ghost moth
 13314 | Spider:2 | Pacified a ghost moth
 13314 | Spider:2 | Noticed a ghost moth
 13342 | Spider:2 | Killed a ghost moth
 13501 | Spider:3 | Elyvilon protects you from harm!
 13501 | Spider:3 | HP: 1/93 [entropy weaver (7)]
 13545 | Spider:3 | Reached XP level 15. HP: 44/98 MP: 1/42
 13901 | Spider:3 | Reached skill level 1 in Conjurations
 13970 | Spider:4 | Entered Level 4 of the Spider Nest
 13972 | Spider:4 | Pacified a ghost moth
 13972 | Spider:4 | Noticed a ghost moth
 13991 | Spider:4 | Reached skill level 15 in Invocations
 14137 | Spider:4 | Pacified a ghost moth
 14137 | Spider:4 | Noticed a ghost moth
 14497 | Spider:4 | Pacified a ghost moth
 14497 | Spider:4 | Noticed a ghost moth
 14612 | Spider:4 | Identified the ring of Itesesk {rC+ Str+6 Dex+6 Stlth+}
 14775 | Spider:4 | Noticed Arachne
 15091 | Spider:4 | Slain by an emperor scorpion

Illustrated notes

Levels and vault maps discovered:
D:1:      nagdon_arrival_double_spiral, layout_basic,
          shapermc_ecumenical_altar_acropolis
D:2:      layout_rooms, serial_rivers, chequers_serial_rivers_micro_e,
          chequers_serial_rivers_large_a, chequers_serial_rivers_small_3,
          chequers_serial_rivers_small_b
D:3:      layout_loops_corners, minivault_14, serial_bayou_lagoon_b
D:4:      layout_gridville, minmay_misc_feat_four_crosses, kennysheep_path_1,
          minmay_door_square, serial_park_tiny_1
D:5:      layout_basic, minmay_temple_entry_statues_fountains, serial_shops,
          kennysheep_mini_moat, nicolae_shop_competitors_out_of_business,
          shop_coins, nicolae_stop_n_shop_1, minivault_25, uniq_blork_the_orc
D:6:      layout_rooms, serial_shops, shop_statue, uniq_menkaure
D:7:      layout_gridville, yredelemnul_forgotten_temple_becter
D:8:      layout_loops_ring, bloody_trog, amcnicky_altar_gilded
D:9:      layout_loops_ring
D:10:     layout_basic, mainiacjoe_overflow_swirl,
          mainiacjoe_overflow_six_doors_small
D:11:     layout_gridville, minmay_lair_entry_grove, uniq_psyche, uniq_erica
D:12:     minmay_the_grid_triangle_9x9_rhombus_full
          [minmay_the_grid_triangle_9x9_negative_grid,
          minmay_the_grid_triangle_9x9_checkered,
          minmay_the_grid_triangle_9x9_shrine,
          minmay_the_grid_triangle_9x9_tough_junction,
          minmay_the_grid_triangle_9x9_swiss_cheese,
          minmay_the_grid_triangle_9x9_alien,
          minmay_the_grid_triangle_9x9_sprig,
          minmay_the_grid_triangle_9x9_prize_insulated], layout_rooms,
          serial_shops, nicolae_square_shop, amcnicky_mini_rare_corridor_liquid,
          minmay_misc_feat_diagonals
Temple:   eino_temple_rhombus
Lair:1:   layout_cellular_growth, gammafunk_ghost_wrathful_warriors,
          basic_altar, chequers_serial_rivers_small_b
Lair:2:   beast_lair_carwin_large_1, layout_long_grid,
          minmay_lair_oklob_chamber, serial_bayou_shore_b
Lair:3:   layout_misc_corridors, nicolae_lair_grove_arrangements, worms_lemuel,
          grunt_megastairs_5, lemuel_fruit_tree, serial_bayou_shore_b
Lair:4:   layout_small_grid, minmay_swamp_entry_swarm, spider_nest_entry_webs,
          infiniplex_staircase_pool
Lair:5:   layout_loops_ring, grunt_megastairs_3, uniq_kirke, uniq_snorg
Lair:6:   due_jungle_book, layout_cave_pods, dpeg_slime_entry_enclosed_altar,
          minmay_lindwurm_lava
Spider:1: layout_spider_delve
Spider:2: layout_spider_delve
Spider:3: layout_spider_delve, uniq_agnes
Spider:4: johnstein_spider_rune_arachne_lair, drop_trap, uniq_arachne

Skill      XL: |  1  2  3  4  5  6  7  8  9 10 11 12 13 14 15 |
---------------+----------------------------------------------+-----
Invocations    | 1 2 3 4 5 6 8 9 10 11 12 13 14 15 | 15.5
Stealth        | 3 4 5 6 7 8 9 10 | 10.0
Evocations     | 1 2 3 4 5 6 |  6.9
Spellcasting   | 2 4 6 7 9 10 11 12 | 12.8
Hexes          | 1 4 6 7 8 10 12 13 | 13.9
Transmutations | 3 5 6 7 9 |  9.8
Earth Magic    | 5 7 9 10 11 12 | 12.7
Shields        | 2 4 5 |  5.0
Poison Magic   | 1 4 7 |  7.0
Conjurations   | 3 |  3.4
Fighting       | |  2.4
Short Blades   | |  3.0
Dodging        | |  3.6

Action                   |  1- 3 |  4- 6 |  7- 9 | 10-12 | 13-15 || total
-------------------------+-------+-------+-------+-------+-------++-------
Melee: Short sword       |    30 |    35 |       |       |       ||    65
       Dagger            |     3 |     1 |     6 |   289 |   238 ||   537
       Quarterstaff      |       |    75 |   419 |   102 |       ||   596
       Morningstar       |       |       |       |    97 |    32 ||   129
       Staff             |       |       |       |   110 |   186 ||   296
       War axe           |       |       |       |       |    30 ||    30
 Fire: Hunting sling     |    25 |    57 |    89 |       |       ||   171
       Shortbow          |       |       |    25 |    57 |       ||    82
Throw: Stone             |     1 |       |       |       |       ||     1
       Boomerang         |       |       |     3 |       |     8 ||    11
       Javelin           |       |       |     8 |    11 |       ||    19
       Throwing net      |       |       |     2 |       |       ||     2
       Dart              |       |       |     7 |       |       ||     7
 Cast: Petrify           |       |       |       |   134 |    78 ||   212
       Sandblast         |       |       |       |    43 |    42 ||    85
       Passwall          |       |       |       |    17 |     5 ||    22
       Magic Dart        |       |       |       |    12 |       ||    12
       Lee's Rapid Decon |       |       |       |     3 |    38 ||    41
       Invisibility      |       |       |       |     1 |    10 ||    11
       Alistair's Intoxi |       |       |       |       |     8 ||     8
       Olgreb's Toxic Ra |       |       |       |       |   117 ||   117
       Irradiate         |       |       |       |       |     2 ||     2
Invok: Heal Other        |       |       |     3 |    14 |    34 ||    51
       Lesser Healing    |       |       |       |     5 |       ||     5
       Purification      |       |       |       |     1 |     2 ||     3
       Greater Healing   |       |       |       |       |     3 ||     3
       Divine Vigour     |       |       |       |       |     2 ||     2
       Divine Protection |       |       |       |       |     1 ||     1
Evoke: Wand              |     4 |     8 |     4 |     8 |     9 ||    33
       Phantom mirror    |       |       |       |       |     1 ||     1
  Use: Potion            |       |     1 |     4 |     6 |     8 ||    19
       Scroll            |       |     3 |     8 |    14 |     8 ||    33
 Stab: Sleeping          |     3 |     1 |     7 |    21 |    20 ||    52
       Petrified         |       |       |       |   150 |   125 ||   275
       Invisible         |       |       |       |    21 |    24 ||    45
       Petrifying        |       |       |       |    16 |    21 ||    37
       Paralysed         |       |       |       |       |     1 ||     1
Armor: Robe              |     7 |    30 |    82 |       |       ||   119
       Steam dragon scal |       |       |    75 |   253 |    29 ||   357
       Troll leather arm |       |       |       |       |   272 ||   272
Dodge: Dodged            |    22 |   113 |   328 |   401 |   426 ||  1290
Block: Buckler           |       |       |       |    92 |   196 ||   288
